 Dungeon Crawl Stone Soup version 0.31-a0-836-g3ceb0a68c4 (webtiles) character file.

Game seed: 1939670960767445857

534 IdlyInterested the Cutter (level 7, -2/50 HPs)
             Began as a Demonspawn Gladiator on Sept 26, 2023.
             Succumbed to a kobold brigand's curare-tipped dart
             ... in a sewer.
             The game lasted 00:08:27 (2940 turns).

IdlyInterested the Cutter (Demonspawn Gladiator)    Turns: 2940, Time: 00:08:27

Health: -2/50      AC:  9    Str: 14    XL:     7   Next: 4%
Magic:  7/7        EV:  7    Int: 11    God:
Gold:   119        SH:  4    Dex: 15    Spells: 6/6 levels left

rFire   . . .        v - +0 dagger (venom)
rCold   . . .        (no shield)
rNeg    . . .        r - +1 chain mail
rPois   .            (helmet restricted)
rElec   .            (no cloak)
rCorr   .            (no gloves)
SInv    .            (no boots)
Will    +....        (no amulet) Stlth
                     c - +4 ring of slaying
HPRegen 0.28/turn    w - ring of willpower
MPRegen 0.10/turn

%: no passive effects
@: mighty, lethally poisoned (-2 -> -19), slowed, very slow
A: antennae 1, claws 2, spiny 1, condensation shield, weakness stinger 1
a: no special abilities


You were in a sewer.
You visited 1 branch of the dungeon, and saw 4 of its levels.
You also visited: Sewer.

You collected 119 gold pieces.

Inventory:

Hand Weapons
 a - a +0 rapier
 f - a +0 dagger
 i - a +0 short sword
 v - a +0 dagger of venom (weapon)
Missiles
 d - 3 throwing nets
 e - a javelin
 g - 60 stones (quivered)
 h - a curare-tipped dart
 q - 16 poisoned darts
Armour
 b - a +0 leather armour
 j - a +0 scale mail
 r - a +1 chain mail (worn)
 x - the +0 robe of Monotheism {Int+4}
   (You found it on level 3 of the Dungeon)

   Int+4:     It affects your intelligence (+4).
Jewellery
 c - a +4 ring of slaying (left claw)
 w - a ring of willpower (right claw)
 A - a ring of ice
Talismans
 y - a flux talisman
Wands
 s - a wand of roots (11)
Potions
 u - a potion of resistance {unknown}
 B - a potion of lignification {unknown}
 C - a potion of mutation


   Skills:
 - Level 2.0 Fighting
 * Level 6.7 Short Blades
 - Level 2.0 Throwing
 - Level 1.0 Armour
 - Level 2.6 Dodging
 - Level 1.0 Stealth
 - Level 1.0 Unarmed Combat
 - Level 1.0 Evocations
 - Level 1.0 Shapeshifting


You had 6 spell levels left.
You didn't know any spells.
Your spell library was empty.

Dungeon Overview and Level Annotations

Branches:
Dungeon (4/15)              Sewer (1/1)
 Temple: D:4-7

Altars:
Wu Jian


Innate Abilities, Weirdness & Mutations

You have a pair of small antennae on your head.
You have very sharp fingernails.
You are partially covered in sharp spines.
A meltable shield of frost defends you. (SH +4)
You have a small tail.


Message History

You enter the shallow water.
Moving in this stuff is going to be slow.
You enter the shallow water.
Moving in this stuff is going to be slow.
A kobold brigand and a kobold come into view.
The kobold brigand is wielding a +0 short sword and quivering curare-tipped darts.
The kobold brigand shouts!
The kobold shouts!
The kobold brigand throws a curare-tipped dart.
The curare-tipped dart hits you.
You are poisoned.
You have difficulty breathing.
You feel yourself slow down.
You feel very sick.
The kobold brigand throws a curare-tipped dart.
The curare-tipped dart hits you.
You are more poisoned.
You have difficulty breathing.
You feel as though you will be slow longer.
You feel extremely sick.
The kobold brigand throws a curare-tipped dart.
The curare-tipped dart hits you.
You are more poisoned.
You have difficulty breathing.
You feel as though you will be slow longer.
The kobold brigand throws a curare-tipped dart.
The curare-tipped dart hits you.
You are more poisoned.
You have difficulty breathing.
* * * LOW HITPOINT WARNING * * *
You feel as though you will be slow longer.
It was a potion of heal wounds.
You feel much better.
You feel extremely sick.
The kobold hits you but does no damage. x2
* * * LOW HITPOINT WARNING * * *
You feel extremely sick.
The kobold brigand hits you with a +0 short sword.
* * * LOW HITPOINT WARNING * * *
The kobold brigand splashes around in the water.
It was a potion of might.
You feel very mighty all of a sudden.
You die...

#.# #.# #~###~#
#.~~~~# ##.~~## #~~~#
#.~.# ##~~~# #..~.#
####### ~....#
#####@K~~.#
.~~.########~~~~K#####
~~####.~~~.~~###~~~~.#
~## #.~.~~~~~# #######
.####.~.....~#
~~##.~~~####.~.~~#
~~~.~~.## #####~~~
...~~~## # ..~.~~#


You could see a kobold brigand and a kobold.

Vanquished Creatures
  Sigmund (D:2)
  A phantom (D:4)
  2 kobold brigands (Sewer)
  2 river rats (D:4)
  7 adders
  2 worms
  5 dart slugs
  6 endoplasms
  6 giant cockroaches
  7 goblins
  6 hobgoblins
  3 jackals (D:2)
  6 quokkas
  5 ball pythons
  8 bats
  4 frilled lizards
  6 kobolds
  5 rats
82 creatures vanquished.

Notes
Turn   | Place    | Note
-------+----------+-------------------------------------------
     0 | D:1      | IdlyInterested the Demonspawn Gladiator began the quest for
                  | the Orb.
     0 | D:1      | Reached XP level 1. HP: 16/16 MP: 1/1
   161 | D:1      | Reached skill level 3 in Short Blades
   181 | D:1      | Gained mutation: You are partially covered in sharp spines.
                  | [demonic ancestry]
   181 | D:1      | Reached XP level 2. HP: 22/22 MP: 2/2
   642 | D:1      | Discovered your monstrous ancestry.
   642 | D:1      | Gained mutation: You have sharp fingernails. [demonic
                  | ancestry]
   642 | D:1      | Reached XP level 3. HP: 15/27 MP: 3/3
   919 | D:2      | Reached skill level 1 in Armour
  1154 | D:2      | Noticed Sigmund
  1172 | D:2      | Killed Sigmund
  1173 | D:2      | Reached skill level 5 in Short Blades
  1173 | D:2      | Reached skill level 1 in Unarmed Combat
  1173 | D:2      | Gained mutation: You have a pair of small antennae on your
                  | head. [demonic ancestry]
  1173 | D:2      | Reached XP level 4. HP: 15/33 MP: 4/4
  1173 | D:2      | Gained mutation: You have very sharp fingernails. [demonic
                  | ancestry]
  1173 | D:2      | Reached XP level 5. HP: 18/38 MP: 5/5
  1906 | D:3      | Identified the +0 robe of Monotheism {Int+4}
  2034 | D:3      | Found Xiolueb's Armour Emporium.
  2039 | D:3      | Reached skill level 1 in Stealth
  2265 | D:3      | Found an ornate altar of the Wu Jian Council.
  2572 | D:4      | Noticed a phantom
  2577 | D:4      | Gained mutation: You have a small tail. [demonic ancestry]
  2577 | D:4      | Reached XP level 6. HP: 43/44 MP: 6/6
  2586 | D:4      | Reached skill level 1 in Evocations
  2594 | D:4      | Found a glowing drain.
  2615 | D:4      | Reached skill level 6 in Short Blades
  2622 | Sewer    | Entered a sewer
  2678 | Sewer    | Reached skill level 1 in Shapeshifting
  2882 | Sewer    | Gained mutation: A meltable shield of frost defends you.
                  | (SH +4) [demonic ancestry]
  2882 | Sewer    | Reached XP level 7. HP: 39/50 MP: 7/7
  2939 | Sewer    | HP: 2/50 [kobold brigand/+0 short sword (4)]
  2940 | Sewer    | Succumbed to a kobold brigand's curare-tipped dart

Illustrated notes

Levels and vault maps discovered:
D:1:      tarquinn_simple_flora_water_a, layout_basic,
          nicolae_figureground_sparkle
D:2:      minmay_alternating_diamond, layout_rooms, minmay_misc_feat_room,
          uniq_sigmund
D:3:      layout_loops_ring, nicolae_elyvilon_temple_path,
          nzn_wu_jian_council_hall, serial_shops, nicolae_shop_gibbet_a_chance
D:4:      layout_basic, serial_shops, nicolae_book_shop_shelving,
          portal_sewer_entry_c, hangedman_decor_peaks_small, uniq_duvessa
Sewer:    sewer_co_tree

Skill      XL: |  1  2  3  4  5  6 |
---------------+-------------------+-----
Short Blades   | 3 5 6 |  6.7
Throwing       | 2 |  2.0
Armour         | 1 |  1.0
Unarmed Combat | 1 |  1.0
Stealth        | 1 |  1.0
Evocations     | 1 |  1.0
Shapeshifting  | 1 |  1.0
Fighting       | |  2.0
Dodging        | |  2.6

Action                     |  1- 3 |  4- 6 |  7- 9 || total
---------------------------+-------+-------+-------++-------
  Melee: Rapier            |    95 |     2 |       ||    97
         Punch             |     1 |       |       ||     1
         Dagger            |       |   111 |     6 ||   117
         Tailslap          |       |     7 |     1 ||     8
    Use: Scroll            |       |     6 |       ||     6
         Potion            |       |     1 |     2 ||     3
 Armour: Leather armour    |     8 |       |       ||     8
         Scale mail        |    15 |       |       ||    15
         Chain mail        |    40 |    57 |     6 ||   103
  Dodge: Dodged            |    33 |    29 |       ||    62

Table legend: (Time is in decaauts)
 A = Elapsed time spent in this place.
 B = Non-inter-level travel time spent in this place.
 C = Inter-level travel time spent in this place.
 D = Time resting spent in this place.
 E = Time spent auto-exploring this place.
 F = Levels seen in this place.
 G = Mean time per level.
                   A        B        C        D        E       F      G
               +--------+--------+--------+--------+--------+-----+--------+
         Total |   2943 |   2615 |    328 |    233 |   1599 |   5 |  588.6 |
       Dungeon |   2604 |   2276 |    328 |    117 |   1515 |   4 |  651.0 |
         Sewer |    338 |    338 |      0 |    116 |     84 |   1 |  338.0 |
               +--------+--------+--------+--------+--------+-----+--------+

Top non-repeatable levels by time:
     D:1: 914 daAuts
     D:2: 830 daAuts
     D:3: 811 daAuts
   Sewer: 338 daAuts
     D:4: 47 daAuts
